 Dungeon Crawl Stone Soup version 0.26-a0-660-gc07710193c (webtiles) character file.

Game seed: 6095529582717737370

2784 wileaway the Geomancer (level 9, -6/62 HPs)
             Began as a Yellow Draconian Earth Elementalist on Oct 7, 2020.
             Was a Follower of Ashenzari.
             Mangled by Grum
             ... wielding a -2 spear
              (15 damage)
             ... on level 8 of the Dungeon on Oct 8, 2020.
             The game lasted 00:31:53 (9688 turns).

wileaway the Geomancer (DrEE)                       Turns: 9688, Time: 00:31:53

Health: -6/62      AC:  9    Str: 10    XL:     9   Next: 43%
Magic:  11/18      EV: 13    Int: 19    God:    Ashenzari [*.....]
Gold:   393        SH:  0    Dex: 12    Spells: 16/20 levels left

rFire    + . .     SeeInvis .   n - +4 quarterstaff (chaos)
rCold    . . .     Faith    .   (shield currently unavailable)
rNeg     + . .     Spirit   .   (armour unavailable)
rPois    .         Reflect  .   (helmet restricted)
rElec    .         Harm     .   o - +1 cloak
rCorr    +         Rampage  .   (no gloves)
MR       .....                  (no boots)
Stlth    ++........             (no amulet)
HPRegen  0.20/turn              s - ring of positive energy
MPRegen  0.16/turn              F - ring of protection from fire

@: about to teleport, short of breath
A: spit acid, unfitting armour, cold-blooded, acid resistance, AC +7
a: Breathe Acid, Curse Item, Scrying, Renounce Religion


You were on level 8 of the Dungeon.
You worshipped Ashenzari.
Ashenzari was aware of your devotion.
You visited 2 branches of the dungeon, and saw 9 of its levels.

You collected 393 gold pieces.

Inventory:

Hand Weapons
 a - a +0 vampiric whip
 d - a +1 short sword of speed
 n - a +4 quarterstaff of chaos (weapon)
Missiles
 b - 67 stones (quivered)
Armour
 o - a +1 cloak (worn)
Magical Staves
 G - an uncursed staff of death
Jewellery
 s - a ring of positive energy (left hand)
 t - a cursed ring of protection from cold
 F - a ring of protection from fire (right hand)
 I - a +6 ring of strength
Wands
 m - a wand of random effects (9)
 C - a wand of flame (7)
Scrolls
 g - 2 scrolls of enchant weapon
 k - a scroll of enchant armour
 p - 4 scrolls of fog {unknown}
 r - 2 scrolls of remove curse
 v - 3 scrolls of amnesia
 y - 2 scrolls of blinking {unknown}
 z - a scroll of identify
 A - a scroll of brand weapon {unknown}
 H - a scroll of holy word {unknown}
 J - a scroll of torment {unknown}
 K - a scroll of immolation {unknown}
Potions
 c - a potion of lignification {unknown}
 e - 2 potions of mutation
 f - a potion of heal wounds {unknown}
 i - a potion of invisibility
 j - a potion of curing
 l - 2 potions of flight
 u - 2 potions of haste
 w - 2 potions of stabbing {unknown}
 x - a potion of brilliance {unknown}
 B - a potion of magic {unknown}
 D - 2 potions of degeneration {unknown}
 E - a potion of might {unknown}
Miscellaneous
 q - a phantom mirror


   Skills:
 - Level 2.4 Maces & Flails
 - Level 4.0 Dodging
 - Level 1.7 Stealth
 + Level 6.3 Spellcasting
 + Level 5.4 Conjurations
   Level 1.0 Transmutations
 * Level 9.0 Earth Magic


You had 16 spell levels left.
You knew the following spells:

 Your Spells              Type           Power        Failure   Level
a - Sandblast             Erth           #####.       1%          1
b - Stone Arrow           Conj/Erth      ####..       1%          3

Your spell library contained the following spells:

 Spells                   Type           Power        Failure   Level
 Passwall                 Tmut/Erth      ####....     2%          2
 Lee's Rapid Deconstruct  Erth           #####.....   8%          5
 Animate Skeleton         Necr           #.....       11%         1
 Pain                     Necr           #...         11%         1
 Petrify                  Tmut/Erth      ####....     14%         4
 Vampiric Draining        Necr           #.........   32%         3
 Animate Dead             Necr           #.........   73%         4
 Agony                    Necr           #.......     97%         5


Dungeon Overview and Level Annotations

Branches:
Dungeon (8/15)             Temple (1/1) D:5
   Lair: D:8-11

Altars:
Ashenzari
Cheibriados
Dithmenos
Elyvilon
Fedhas
Gozag
Hepliaklqana
Kikubaaqudgha
Makhleb
Nemelex Xobeh
Okawaru
Qazlal
Ru
Sif Muna
Trog
Uskayaw
Vehumet
Wu Jian
Xom
Yredelemnul
Zin
The Shining One

Shops:
D:4 =

Annotations:
D:7 Duvessa, Pikel
D:8 Grum


Innate Abilities, Weirdness & Mutations

You can spit globs of acid.
Your golden yellow scales are hard. (AC +7)
You cannot fit into any form of body armour.
You are cold-blooded and may be slowed by cold attacks.
You are resistant to acid. (rCorr)


Message History

Casting: Sandblast (safe; 1% risk of failure)
Confirm with . or Enter, or press ? or * to list all spells.
Aiming: Sandblast (safe; 1% risk of failure)
Press: ? - help, Shift-Dir - straight line, f/p - killer bee
Aim: a killer bee (severely wounded)
The blast of sand hits the killer bee!
You kill the killer bee!
Your Earth Magic skill increases to level 9!
b - 67 stones The wolf howls!
Press: ? - help, Shift-Dir - straight line, f - Grum
Aim: Grum, wielding a -2 spear and wearing a +0 animal skin You spit a glob of acid.
The glob of acid hits Grum.
Grum is splashed with acid.
The acid corrodes Grum!
Grum is lightly wounded.
As you read the scroll of teleportation, it crumbles to dust.
You feel strangely unstable. The killer bee stings you!
* * * LOW HITPOINT WARNING * * *
Grum hits you from afar with a -2 spear!
You die...

#.#.. #.#.#### #.#.##<#
####### #.#.##.#
#.....# ######.#....#
#.....# ..........###.#
#.....# ..##........#
#.....#####
#####.#######.....#....
+........gh@y..........
####....h.###y.........
#......# #..........
#......# #...†......
#......# ######.....
#......# ....
#####..h...# ...
..........g.#######
......####........#


You could see Grum (corroded), 2 wolves and 2 killer bees.

Vanquished Creatures
  Joseph (D:7)
  Sigmund (D:2)
  Menkaure (D:6)
  Edmund (D:4)
  A sky beast (D:5)
  An ice beast (D:5)
  An orc warrior (D:6)
  A black bear (D:8)
  4 ogres
  2 wolves (D:8)
  2 centaurs
  A lemure (D:7)
  A water moccasin zombie (D:5)
  Dowan (D:7)
  A killer bee (D:8)
  A howler monkey (D:6)
  A bullfrog zombie (D:7)
  2 centaur zombies
  A jelly (D:7)
  2 hounds (D:7)
  Crazy Yiuf (D:3)
  3 orc priests
  2 orc wizards
  An iguana (D:4)
  Terence (D:2)
  Natasha (thrice) (D:2)
  3 worker ants
  2 hound skeletons
  A worker ant zombie (D:7)
  A gnoll (D:1)
  11 adders
  2 shadow imps
  2 white imps
  3 ufetubi
  An ooze (D:5)
  An adder skeleton (D:7)
  2 worms
  3 dart slugs
  6 leopard geckos
  20 orcs
  6 ball pythons
  7 bats
  4 giant cockroaches
  9 goblins
  5 hobgoblins
  7 jackals
  3 quokkas
  2 frilled lizards
  A jackal skeleton (D:7)
  7 kobolds
  A quokka skeleton (D:7)
  8 rats
156 creatures vanquished.

Notes
Turn   | Place    | Note
-------+----------+-------------------------------------------
     0 | D:1      | wileaway the Draconian Earth Elementalist began the quest
                  | for the Orb.
     0 | D:1      | Reached XP level 1. HP: 14/14 MP: 3/3
   168 | D:1      | Reached XP level 2. HP: 20/20 MP: 5/5
   757 | D:1      | Reached XP level 3. HP: 19/26 MP: 6/6
  1210 | D:1      | Learned a level 3 spell: Stone Arrow
  1377 | D:2      | Noticed Sigmund
  1704 | D:3      | Reached skill level 1 in Maces & Flails
  1767 | D:3      | Found a shadowy altar of Dithmenos.
  1876 | D:3      | Reached XP level 4. HP: 22/33 MP: 5/8
  2282 | D:3      | Found a runed translucent door.
  2283 | D:3      | Noticed Crazy Yiuf
  2292 | D:3      | Killed Crazy Yiuf
  2726 | D:3      | Reached skill level 1 in Conjurations
  2959 | D:3      | Reached XP level 5. HP: 38/38 MP: 9/9
  2979 | D:3      | Reached skill level 4 in Earth Magic
  3824 | D:4      | Found Raugeg's Jewellery Shoppe.
  3874 | D:4      | Noticed Edmund
  3988 | D:2      | Noticed Terence
  3997 | D:2      | Killed Terence
  4040 | D:2      | Found a faded altar of an unknown god.
  4049 | D:2      | Noticed Natasha
  4052 | D:2      | Killed Natasha
  4052 | D:2      | Reached XP level 6. HP: 45/45 MP: 8/11
  4173 | D:2      | Noticed Natasha
  4177 | D:2      | Killed Natasha
  4329 | D:2      | Killed Sigmund
  4651 | D:2      | Noticed Natasha
  4660 | D:2      | Killed Natasha
  4786 | D:4      | Reached skill level 5 in Earth Magic
  4980 | D:4      | Killed Edmund
  4980 | D:4      | Your scales start taking on a golden yellow colour.
  4980 | D:4      | Reached XP level 7. HP: 50/50 MP: 9/13
  4980 | D:4      | Gained mutation: You are resistant to acid. (rCorr) [Yellow
                  | Draconian growth]
  5366 | D:5      | Entered Level 5 of the Dungeon
  5587 | D:5      | Reached skill level 6 in Earth Magic
  5838 | D:5      | Reached XP level 8. HP: 28/57 MP: 12/15
  6101 | D:5      | Found a staircase to the Ecumenical Temple.
  6110 | Temple   | Entered the Ecumenical Temple
  6179 | Temple   | Became a worshipper of Ashenzari the Shackled
  6807 | D:6      | Noticed Menkaure
  6809 | D:6      | Killed Menkaure
  6816 | D:6      | Reached skill level 5 in Spellcasting
  7648 | D:6      | Reached skill level 7 in Earth Magic
  8111 | D:7      | Reached * piety under Ashenzari
  8525 | D:7      | Noticed Pikel
  8550 | D:7      | Noticed Dowan
  8551 | D:7      | Noticed Duvessa
  9026 | D:7      | Killed Dowan
  9026 | D:7      | Reached skill level 8 in Earth Magic
  9026 | D:7      | Reached XP level 9. HP: 62/62 MP: 8/17
  9366 | D:7      | Noticed Joseph
  9377 | D:7      | Killed Joseph
  9377 | D:7      | Reached skill level 5 in Conjurations
  9609 | D:8      | Noticed Grum
  9686 | D:8      | Reached skill level 9 in Earth Magic
  9688 | D:8      | Mangled by Grum

Illustrated notes

Levels and vault maps discovered:
D:1:      nicolae_arrival_somewhat_less_tricky_arrival, layout_rooms,
          hangedman_decor_points
D:2:      layout_loops_ring, chequers_ecumenical_altar_simple, uniq_natasha,
          uniq_terence, uniq_sigmund
D:3:      layout_loops_corners, nicolae_dithmenos_shadow_blocks,
          minmay_checkerbox, uniq_crazy_yiuf_cottage
D:4:      layout_basic, serial_shops, shop, serial_park_tiny_pond, uniq_edmund
D:5:      layout_basic, minmay_temple_entry_large_hall,
          minmay_misc_feat_nine_boxes
D:6:      layout_cave_pods, uniq_menkaure
D:7:      layout_cave_pods, uniq_pikel, uniq_joseph, uniq_duvessa
D:8:      gammafunk_corrupted_shrine, layout_basic, lair_entry_dummy,
          lightli_corner_chamber, uniq_grum
Temple:   kilobyte_greek_temple

Skill      XL: |  1  2  3  4  5  6  7  8  9 |
---------------+----------------------------+-----
Dodging        | 2 3 4 |  4.0
Maces & Flails | 1 2 |  2.4
Spellcasting   | 3 4 5 6 |  6.3
Conjurations   | 1 2 3 4 5 |  5.4
Earth Magic    | 4 5 6 8 9 |  9.0
Stealth        | |  1.7
Transmutations | |  1.0

Action                   |  1- 3 |  4- 6 |  7- 9 || total
-------------------------+-------+-------+-------++-------
Melee: Whip              |   146 |    14 |       ||   160
       Unarmed           |     8 |       |       ||     8
       Tailslap          |    13 |     8 |    10 ||    31
       Quarterstaff      |       |    84 |   132 ||   216
 Cast: Sandblast         |    13 |    43 |    70 ||   126
       Stone Arrow       |       |     2 |    25 ||    27
 Abil: Breathe Acid      |       |       |     1 ||     1
Evoke: Wand              |       |       |     5 ||     5
  Use: Scroll            |       |     6 |     9 ||    15
       Potion            |       |       |     4 ||     4
 Stab: Sleeping          |     3 |     3 |     2 ||     8
Armor: Skin              |    57 |    35 |    69 ||   161
Dodge: Dodged            |   116 |    83 |   115 ||   314

Table legend: (Time is in decaauts)
 A = Elapsed time spent in this place.
 B = Non-inter-level travel time spent in this place.
 C = Inter-level travel time spent in this place.
 D = Time resting spent in this place.
 E = Time spent auto-exploring this place.
 F = Levels seen in this place.
 G = Mean time per level.
                   A        B        C        D        E       F      G
               +--------+--------+--------+--------+--------+-----+--------+
         Total |   9747 |   9747 |      0 |   3080 |   3855 |   9 | 1083.0 |
       Dungeon |   9637 |   9637 |      0 |   3080 |   3855 |   8 | 1204.6 |
        Temple |    110 |    110 |      0 |      0 |      0 |   1 |  110.0 |
               +--------+--------+--------+--------+--------+-----+--------+

Top non-repeatable levels by time:
     D:3: 2087 daAuts
     D:7: 1787 daAuts
     D:5: 1338 daAuts
     D:1: 1216 daAuts
     D:2: 1080 daAuts
     D:4: 1015 daAuts
     D:6: 993 daAuts
     D:8: 117 daAuts
  Temple: 110 daAuts
